 Dungeon Crawl Stone Soup version 0.30-a0-737-gf23d94013f (webtiles) character file.

Game seed: 5159778290500111580

10 jimonade the Cutter (level 2, 0/15 HPs)
             Began as a Vine Stalker Gladiator on Feb 1, 2023.
             Constricted to death by a ball python (1 damage)
             ... on level 1 of the Dungeon.
             The game lasted 00:00:33 (203 turns).

jimonade the Cutter (Vine Stalker Gladiator)         Turns: 203, Time: 00:00:33

Health: 0/15       AC:  4    Str: 16    XL:     2   Next: 20%
Magic:  0/3        EV:  9    Int:  8    God:
Gold:   25         SH:  0    Dex: 15    Spells: 1/1 levels left

rFire   . . .      SeeInvis .    a - +0 rapier
rCold   . . .      Faith    .    (no shield)
rNeg    . . .      Spirit   +    b - +0 leather armour
rPois   .          Reflect  .    c - +0 helmet
rElec   .          Harm     .    (no cloak)
rCorr   .          Rampage  .    (no gloves)
Will    .....                    (no boots)
Stlth   +                        (no amulet)
HPRegen 0.22/turn                (no ring)
MPRegen 0.08/turn                (no ring)

@: constricted
A: fangs 2, magic shield, antimagic bite, no potion heal 2
a: no special abilities


You were on level 1 of the Dungeon.
You visited 1 branch of the dungeon, and saw 1 of its levels.

You collected 25 gold pieces.

Inventory:

Hand Weapons
 a - a +0 rapier (weapon)
Missiles
 d - 3 throwing nets (quivered)
 e - a javelin
Armour
 b - a +0 leather armour (worn)
 c - a +0 helmet (worn)
Magical Staves
 i - a staff of poison
Potions
 f - a potion of degeneration {unknown}
 g - a potion of resistance {unknown}
 h - a potion of lignification {unknown}


   Skills:
 + Level 1.9 Fighting
 * Level 3.0 Short Blades
 + Level 1.8 Throwing
 + Level 2.5 Dodging


You had one spell level left.
You didn't know any spells.
Your spell library was empty.

Dungeon Overview and Level Annotations

Branches:
Dungeon (1/15)

Altars:


Innate Abilities, Weirdness & Mutations

You have extremely sharp teeth.
When hurt, damage is shared between your health and your magic reserves.
Your bite disrupts and absorbs the magic of your enemies.
Potions cannot restore your health.


Message History

You closely miss the kobold. The kobold closely misses you.
You hit the kobold but do no damage. You bite the kobold, but do no damage.
The hobgoblin closely misses you. The kobold hits you but does no damage.
You hit the kobold but do no damage. The hobgoblin barely misses you.
The kobold hits you with a +0 short sword.
You closely miss the kobold. Your bite misses the kobold.
The hobgoblin hits you but does no damage.
The kobold hits you with a +0 short sword.
You hit the kobold.
You kill the kobold!
The hobgoblin hits you.
The ball python bites you but does no damage.
The ball python closely misses you.
You are too injured to fight recklessly!
You are too injured to fight recklessly!
You are too injured to fight recklessly!
You are too injured to fight recklessly!
You hit the hobgoblin. Your bite misses the hobgoblin.
The hobgoblin is lightly wounded.
The ball python bites you. The ball python grabs you.
The ball python constricts you.
The hobgoblin hits you but does no damage.
You barely miss the ball python. The ball python barely misses you.
The ball python constricts you. The hobgoblin closely misses you.
You closely miss the ball python. The ball python bites you.
The ball python constricts you. The hobgoblin hits you.
* * * LOW HITPOINT WARNING * * *
You closely miss the ball python. The ball python bites you.
* * * LOW HITPOINT WARNING * * *
The ball python constricts you. The hobgoblin barely misses you.
The ball python bites you.
* * * LOW HITPOINT WARNING * * *
The ball python constricts you.
You are too injured to fight recklessly!
You hit the ball python.
The ball python is heavily wounded.
The hobgoblin closely misses you.
The ball python bites you but does no damage.
The ball python constricts you.
You die...

...## . #...# #. #...#
#.. #.?.# #...#### #...#
###.#. .......#
#...#####......
.......###.^...?@S.#
.................g.##
#.....................#
##.#.......†.......#...#
#......###.........# #.#
......## #...#####... .
.##### ###...#### #...
#........# ...
#.#....#.#


You could see a hobgoblin and a ball python.

Vanquished Creatures
  2 endoplasms (D:1)
  A giant cockroach (D:1)
  A hobgoblin (D:1)
  2 quokkas (D:1)
  A bat (D:1)
  A kobold (D:1)
  A rat (D:1)
9 creatures vanquished.

Notes
Turn   | Place    | Note
-------+----------+-------------------------------------------
     0 | D:1      | jimonade the Vine Stalker Gladiator began the quest for the
                  | Orb.
     0 | D:1      | Reached XP level 1. HP: 11/11 MP: 2/2
   173 | D:1      | Reached XP level 2. HP: 12/15 MP: 3/3
   174 | D:1      | Reached skill level 3 in Short Blades
   203 | D:1      | Constricted to death by a ball python

Illustrated notes

Levels and vault maps discovered:
D:1:      amcnicky_arrival_blooded_trapdoor, layout_loops_cross,
          glass_columns_a, minmay_misc_feat_hallway

Skill      XL: |  1  2 |
---------------+-------+-----
Short Blades   | 3 |  3.0
Fighting       | |  1.9
Throwing       | |  1.8
Dodging        | |  2.5

Action                     || total
---------------------------++-------
  Melee: Rapier            ||    33
         Bite              ||    12
 Armour: Leather armour    ||    15
  Dodge: Dodged            ||    19

Table legend: (Time is in decaauts)
 A = Elapsed time spent in this place.
 B = Non-inter-level travel time spent in this place.
 C = Inter-level travel time spent in this place.
 D = Time resting spent in this place.
 E = Time spent auto-exploring this place.
 F = Levels seen in this place.
 G = Mean time per level.
                   A        B        C        D        E       F      G
               +--------+--------+--------+--------+--------+-----+--------+
         Total |    204 |    204 |      0 |      0 |    129 |   1 |  204.0 |
       Dungeon |    204 |    204 |      0 |      0 |    129 |   1 |  204.0 |
               +--------+--------+--------+--------+--------+-----+--------+

Top non-repeatable levels by time:
     D:1: 204 daAuts
